 Dungeon Crawl Stone Soup version 0.30.1-3-gfc49f6343a (webtiles) character file.

Game seed: 9230940888263149704

217 Labrat the Conjurer (level 6, -4/41 HPs)
             Began as a Human Conjurer on July 16, 2023.
             Slain by Edmund
             ... wielding a +2 flail of protection
              (11 damage)
             ... on level 4 of the Dungeon on July 20, 2023.
             The game lasted 00:06:52 (3403 turns).

Labrat the Conjurer (Human Conjurer)                Turns: 3403, Time: 00:06:52

Health: -4/41      AC:  3    Str:  7    XL:     6   Next: 16%
Magic:  12/12      EV: 12    Int: 20    God:
Gold:   145        SH:  0    Dex: 12    Spells: 10/13 levels left

rFire   . . .        j - staff of conjuration
rCold   . . .        (no shield)
rNeg    . . .        a - +0 robe
rPois   .            (no helmet)
rElec   .            (no cloak)
rCorr   .            m - +0 pair of gloves
SInv    .            (no boots)
Will    .....        (no amulet)
Stlth   ++           (no ring)
HPRegen 0.26/turn    (no ring)
MPRegen 0.13/turn

%: no passive effects
@: no status effects
A: no striking features
a: no special abilities


You were on level 4 of the Dungeon.
You visited 1 branch of the dungeon, and saw 4 of its levels.

You collected 145 gold pieces.

Inventory:

Hand Weapons
 l - a +3 short sword
Armour
 a - a +0 robe (worn)
 m - a +0 pair of gloves (worn)
Magical Staves
 j - a staff of conjuration (weapon)
Scrolls
 d - 2 scrolls of amnesia {unknown}
 f - 3 scrolls of immolation
 h - a scroll of blinking {unknown}
 i - a scroll of enchant weapon {unknown}
 o - 2 scrolls of teleportation {unknown}
 p - 3 scrolls of identify {unknown}
 q - a scroll of fear {unknown}
 r - a scroll of vulnerability {unknown}
Potions
 b - a potion of magic
 c - 2 potions of flight {unknown}
 e - 2 potions of heal wounds {unknown}
 g - a potion of might {unknown}
 k - a potion of lignification {unknown}
 n - 3 potions of curing {unknown}
 s - 3 potions of mutation {unknown}


   Skills:
 - Level 2.0 Dodging
 - Level 2.0 Stealth
 + Level 4.1 Spellcasting
 + Level 5.6 Conjurations


You had 10 spell levels left.
You knew the following spells:

 Your Spells              Type           Power      Damage    Failure   Level
a - Magic Dart            Conj           100%       1d8       1%          1
b - Searing Ray           Conj           80%        2d7       1%          2

Your spell library contained the following spells:

 Spells                   Type           Power      Damage    Failure   Level
 Dazzling Flash           Conj/Hex       46%        N/A       12%         3
 Fulminant Prism          Conj/Hex       11%        3d8       36%         4
 Iskenderun's Mystic Bla  Conj/Tloc      23%        2d6       36%         4


Dungeon Overview and Level Annotations

Branches:
Dungeon (4/15)             Temple (0/1) D:4

Altars:
Ashenzari
Ru

Shops:
D:1 [   D:4 *

Annotations:
D:3 2 transporters, Sigmund; ripuliukko's ghost, amateur DEEE
D:4 exclusion: centaur, Edmund


Message History

You have reached level 6!
p - 3 scrolls labelled YKAYNL NUYGISIF (gained 1)
Things that are here:
a +0 shortbow; a +0 robe; a centaur corpse
There is a stone staircase leading up, spattered with blood here.
You climb upwards.
Level annotation: 2 transporters, Sigmund; ripuliukko's ghost, amateur DEEE
There is a stone staircase leading down here.
There is a stone staircase leading down here.
You climb downwards.
Level annotation: exclusion: centaur, Edmund Edmund hits you with a +2 flail of protection.
Edmund hits you with a +2 flail of protection!
There is a stone staircase leading up here.
Edmund hits you with a +2 flail of protection!
* * * LOW HITPOINT WARNING * * *
You climb upwards.
Level annotation: 2 transporters, Sigmund; ripuliukko's ghost, amateur DEEE
There is a stone staircase leading down here.
Save game and exit?
Level annotation: 2 transporters, Edmund; Sigmund; ripuliukko's ghost, amateur DEEE Welcome back, Labrat the Human Conjurer.
Press ? for a list of commands and other information.
Cast which spell? (? or * to list)
Okay, then.
Unknown command.
Cast which spell? (? or * to list)
Aiming: Searing Ray (safe; 1% risk of failure)
Press: ? - help, Shift-Dir - straight line, f - Edmund
Aim: Edmund, wielding a +2 flail of protection and wearing a +0 ring mail (84% to hit)
Okay, then.
Magic restored.
Edmund hits you with a +2 flail of protection.
* * * LOW HITPOINT WARNING * * *
You climb downwards.
Level annotation: exclusion: centaur
There is a stone staircase leading up here.
Unknown command.
Edmund hits you with a +2 flail of protection!
You die...

~...~..#....#.##....|.∩
.~~~..#.###.#.##...####
#.#######....#.#.##.#.####
#.........)..#.#..........
##.###..####..#.#....@..≈≈≈
...###..# #..#.#.....≈≈≈≈≈
........#####.#.##..≈≈≈≈≈≈≈
######......###.##.≈≈≈≈≈≈..
#...@@......#.≈≈≈≈≈≈.>
#......####.#.≈≈≈≈≈≈..
#...##.# #...≈≈≈≈≈≈≈≈
#8...8#.# ###..≈≈≈≈≈≈≈
##...##.# #....≈≈≈≈≈
#...##.# #......≈≈ ....##.#
#........ .....8#.#
######.#. ......##.# .#


You could see Edmund.

Vanquished Creatures
  A centaur (D:4)
  A hound (D:3)
  4 adders
  A worm (D:2)
  A dart slug (D:2)
  An orc (D:3)
  7 ball pythons
  6 endoplasms
  2 giant cockroaches
  6 goblins
  5 hobgoblins
  6 jackals (D:3)
  8 kobolds
  2 quokkas
  8 bats
  4 frilled lizards
  3 rats
66 creatures vanquished.

Notes
Turn   | Place    | Note
-------+----------+-------------------------------------------
     0 | D:1      | Labrat the Human Conjurer began the quest for the Orb.
     0 | D:1      | Reached XP level 1. HP: 13/13 MP: 3/3
    66 | D:1      | Found a faded altar of an unknown god.
   251 | D:1      | Reached XP level 2. HP: 19/19 MP: 3/5
   386 | D:1      | Found Qumorymn's Antique Armour Emporium.
   486 | D:1      | Learned a level 2 spell: Searing Ray
   793 | D:1      | Reached XP level 3. HP: 24/24 MP: 2/6
  1283 | D:2      | Reached XP level 4. HP: 30/30 MP: 1/8
  1745 | D:2      | Identified the +0 helmet "Erixzil" {-Tele Str+3 Int+7}
  1990 | D:3      | Found a transporter.
  1993 | D:3      | Noticed ripuliukko's ghost (amateur DEEE)
  2052 | D:3      | Found a transporter.
  2249 | D:3      | Reached skill level 5 in Conjurations
  2249 | D:3      | Reached XP level 5. HP: 34/35 MP: 1/10
  2712 | D:3      | Found a broken altar of Ashenzari.
  2786 | D:3      | Noticed Sigmund
  3109 | D:4      | Noticed Edmund
  3156 | D:4      | Noticed a centaur
  3234 | D:4      | Found a sacrificial altar of Ru.
  3282 | D:4      | Found a staircase to the Ecumenical Temple.
  3284 | D:4      | Found Zongit's Lightly-Used Armoury.
  3358 | D:4      | Killed a centaur
  3359 | D:4      | Reached XP level 6. HP: 28/41 MP: 6/12
  3400 | D:3      | Upgraded the game from 0.30.1-1-g62c8e00024 to
                  | 0.30.1-3-gfc49f6343a
  3403 | D:4      | Slain by Edmund

Illustrated notes

Levels and vault maps discovered:
D:1:      psy_arrival_conway, layout_loops_ring,
          hellmonk_ecumenical_altar_blasted, serial_shops,
          nicolae_shop_tiny_statue_garden
D:2:      layout_rooms
D:3:      layout_loops_ring, lemuel_doored_altar, gammafunk_ghost_stat_death,
          uniq_sigmund
D:4:      layout_basic, nicolae_ru_awakened_eye, temple_pool_b, serial_shops,
          nicolae_shop_overgrown_old_shop, serial_forest,
          infiniplex_forest_straight_2, infiniplex_forest_clump_tiny,
          infiniplex_forest_lined_2, infiniplex_forest_end_3,
          infiniplex_forest_lined_corner, infiniplex_forest_split,
          infiniplex_forest_straight_2, infiniplex_forest_end_2,
          gammafunk_ghost_gnarly_gnolls, minmay_shop_damaged,
          corexii_hall_statues_s, minmay_misc_feat_ornament, uniq_eustachio,
          uniq_edmund, uniq_blork_the_orc

Skill      XL: |  1  2  3  4  5 |
---------------+----------------+-----
Spellcasting   | 3 4 |  4.1
Conjurations   | 5 |  5.6
Dodging        | |  2.0
Stealth        | |  2.0

Action                     |  1- 3 |  4- 6 || total
---------------------------+-------+-------++-------
  Melee: Staff             |     1 |     8 ||     9
   Cast: Magic Dart        |    50 |    82 ||   132
         Searing Ray       |       |     1 ||     1
 Armour: Robe              |     2 |     4 ||     6
  Dodge: Dodged            |     4 |    12 ||    16
